 Dungeon Crawl Stone Soup version 0.28-a0-29-g0adfcbbeba (webtiles) character file.

Game seed: 13555354003790489844

57465 MacCMillion the Gelid (level 14, -4/70 HPs)
             Began as a Gargoyle Ice Elementalist on July 25, 2021.
             Was an Initiate of Gozag.
             Slain by an Executioner (11 damage)
             ... on level 2 of the Abyss on July 27, 2021.
             The game lasted 02:00:36 (27118 turns).

MacCMillion the Gelid (Gargoyle Ice Elementalist)  Turns: 27118, Time: 02:00:37

Health: -4/70      AC: 30    Str: 17    XL:     14   Next: 86%
Magic:  19/19      EV: 11    Int: 17    God:    Gozag
Gold:   5035       SH:  0    Dex:  6    Spells: 16/27 levels left

rFire   . . .      SeeInvis +   E - +0 mace (vorpal)
rCold   + + +      Faith    .   (no shield)
rNeg    + . .      Spirit   .   S - +4 skin of Zhor {*Englaciate rC+++ SInv}
rPois   ∞          Reflect  .   m - +1 helmet
rElec   +          Harm     .   W - +2 cloak of the Black Moon {*Corrode rPois Str+5}
rCorr   .          Rampage  .   q - +2 pair of gloves
Will    +....      Rnd*Rage +   h - +1 pair of boots
Stlth   ++........              C - amulet of regeneration
HPRegen 1.21/turn               z - +4 ring of protection
MPRegen 0.16/turn               M - +4 ring of slaying

@: about to teleport, unable to read, on berserk cooldown, flying, slowed, very
slow
A: sickness immunity, AC +10, big wings, negative energy resistance 1,
electricity resistance, torment resistance 1, petrification resistance, [berserk
2], [clumsy 2], [deformed body], [dopey 2], [frail 2], [low mp 2], [screaming
2], [no potion heal 2], [inability to read while threatened]
a: Renounce Religion, Potion Petition, Call Merchant, Bribe Branch


You were on level 2 of the Abyss.
You worshipped Gozag.
Gozag was greatly pleased with you.
You visited 2 branches of the dungeon, and saw 20 of its levels.
You visited the Abyss 1 time.
You also visited: Bailey.

You collected 5125 gold pieces.
You spent 35 gold pieces at shops.
You paid 55 gold pieces to Gozag.

Inventory:

Hand Weapons
 k - a +0 spear of freezing
 E - a +0 vorpal mace (weapon)
Armour
 d - a +0 ring mail of poison resistance
 h - a +1 pair of boots (worn)
 m - a +1 helmet (worn)
 q - a +2 pair of gloves (worn)
 S - the +4 skin of Zhor (worn) {*Englaciate rC+++ SInv}
   (You found it on level 9 of the Dungeon)

   It radiates cold, occasionally slowing all nearby creatures who are not
   resistant to cold.
   rC:        It renders you almost immune to cold.
   SInv:      It lets you see invisible.
 W - the +2 cloak of the Black Moon (worn) {*Corrode rPois Str+5}
   (You found it on level 3 of the Lair of Beasts)

   Str:       It affects your strength (+5).
   rPois:     It protects you from poison.
   *Corrode:  It may corrode you when you take damage.
Jewellery
 e - a ring of protection from cold
 z - a +4 ring of protection (left hand)
 C - an amulet of regeneration (around neck)
 G - a +4 ring of protection
 K - a +4 ring of protection
 M - a +4 ring of slaying (right hand)
 R - an amulet of the acrobat
 U - a ring of see invisible
 V - a +4 ring of evasion
Wands
 a - a wand of charming (10)
 y - a wand of flame (73)
 O - a wand of paralysis (31)
 Q - a wand of mindburst (29)
 X - a wand of polymorph (4)
Scrolls
 b - 2 scrolls of holy word
 c - 2 scrolls of fog
 f - 6 scrolls of teleportation
 j - 2 scrolls of fear
 l - 3 scrolls of amnesia
 n - a scroll of brand weapon
 s - 2 scrolls of torment
 t - a scroll of summoning
 x - 3 scrolls of silence
 B - 3 scrolls of blinking
 F - a scroll of acquirement {unknown}
 I - 2 scrolls of enchant weapon {unknown}
 J - 3 scrolls of magic mapping
 L - 4 scrolls of enchant armour
 N - 3 scrolls of immolation
Potions
 g - 8 potions of curing
 i - a potion of might
 o - 4 potions of lignification
 p - a potion of cancellation
 r - 2 potions of magic
 u - 2 potions of attraction
 v - 6 potions of heal wounds
 A - 4 potions of flight
 D - 3 potions of mutation
 H - 2 potions of berserk rage
 P - 2 potions of ambrosia
 T - 3 potions of haste
 Y - a potion of resistance
 Z - 5 potions of brilliance


   Skills:
 - Level 10.0 Fighting
 - Level 5.0 Short Blades
 - Level 5.0 Maces & Flails
 - Level 5.0 Armour
 - Level 1.5 Dodging
 - Level 2.2 Stealth
 - Level 7.0 Spellcasting
 - Level 6.0 Conjurations
 - Level 6.0 Translocations
 - Level 15.0 Ice Magic
 + Level 13.0 Earth Magic
 - Level 5.0 Evocations


You had 16 spell levels left.
You knew the following spells:

 Your Spells              Type           Power      Damage    Failure   Level
a - Freeze                Ice            100%       1d11      1%          1
b - Frozen Ramparts       Ice            100%       1d12      1%          3
c - Teleport Other        Tloc           26%        N/A       3%          3
d - Hailstorm             Conj/Ice       41%        3d10      1%          4

Your spell library contained the following spells:

 Spells                   Type           Power      Damage    Failure   Level
 Magic Dart               Conj           100%       1d8       1%          1
 Ensorcelled Hibernation  Hex/Ice        62%        N/A       1%          2
 Ozocubu's Armour         Ice            54%        N/A       1%          3
 Lee's Rapid Deconstruct  Erth           25%        3d15*     1%          5
 Gell's Gravitas          Tloc           13%        N/A       3%          3
 Lesser Beckoning         Tloc           13%        N/A       3%          3
 Dazzling Flash           Conj/Hex       32%        N/A       10%         3
 Iskenderun's Mystic Bla  Conj/Tloc      26%        2d7       10%         4
 Passage of Golubria      Tloc           N/A        N/A       10%         4
 Beastly Appendage        Tmut           10%        N/A       12%         1
 Metabolic Englaciation   Hex/Ice        15%        N/A       14%         5
 Mephitic Cloud           Conj/Pois/Air  12%        N/A       16%         3
 Call Imp                 Summ           5%         N/A       17%         2
 Wereblood                Tmut           5%         N/A       17%         2
 Borgnjor's Vile Clutch   Necr/Erth      14%        N/A       22%         5
 Fulminant Prism          Conj/Hex       8%         3d7       32%         4
 Spider Form              Tmut/Pois      2%         N/A       34%         3
 Summon Forest            Summ/Tloc      8%         N/A       67%         5
 Animate Dead             Necr           2%         N/A       75%         4
 Silence                  Hex/Air        2%         N/A       97%         5
 Conjure Ball Lightning   Conj/Air       8%         3x3d6     99%         6
 Death Channel            Necr           2%         N/A       100%        6
 Eringya's Noxious Bog    Tmut/Pois      2%         N/A       100%        6
 Haunt                    Necr/Summ      2%         N/A       100%        7
 Summon Hydra             Summ           2%         N/A       100%        7
 Discord                  Hex            2%         N/A       100%        8
 Disjunction              Tloc           13%        N/A       100%        8
 Infestation              Necr           2%         N/A       100%        8
 Lehudib's Crystal Spear  Conj/Erth      19%        10d6      100%        8
 Sublimation of Blood     Necr           Unusable   N/A       N/A         2

Dungeon Overview and Level Annotations

Branches:
Dungeon (14/15)            Temple (0/1) D:7            Lair (6/6) D:9
  Swamp (0/4) Lair:4        Snake (0/4) Lair:3        Slime (0/5) Lair:6
    Orc (0/2) D:10         Bailey (visited)
 Vaults: D:13-14

Altars:
Cheibriados
Elyvilon
Gozag
Okawaru
Qazlal
Ru
Trog
Zin
Beogh
Jiyva

Shops:
D:3 [   D:5 (   D:12 *

Annotations:
D:2 Jessica
D:4 2 transporters, Menkaure; hemabe71's ghost, amateur HuAr
D:7 2 transporters, Conn's ghost, novice OpFE
Lair:4 exclusion: oklob plant


Innate Abilities, Weirdness & Mutations

You are immune to sickness and miasma.
Your stone body is resilient. (AC +10)
You are immune to poison.
Your large and strong wings let you fly.
You resist negative energy. (rN+)
You are resistant to electric shocks. (rElec)
You are resistant to unholy torment.
You are immune to petrification.
[You often lose your temper in combat.]
[You are very clumsy. (Dex -4)]
[Armour fits poorly on your strangely shaped body.]
[You are very dopey. (Int -4)]
[You are very frail. (-20% HP)]
[Your magical capacity is very low. (-20% MP)]
[You frequently scream uncontrollably at your foes.]
[Potions cannot restore your health.]
[You sometimes lose the ability to read scrolls when taking damage.]


Message History

The floor.
Unknown command.
A lorocyproca comes into view.
The lorocyproca gives a chilling moan.
The Executioner hits you but does no damage.
The Executioner closely misses you. x2
The Executioner hits you but does no damage.
The Executioner closely misses you.
The Executioner hits you but does no damage. x2
The Executioner barely misses you.
The Executioner hits you but does no damage.
The Executioner hits you!
You feel threatened and lose the ability to read scrolls!
The Executioner hits you but does no damage.
The Executioner barely misses you. The Executioner hits you.
The Executioner hits you but does no damage. x2
The Executioner hits you.
The Executioner hits you but does no damage. x2
The Executioner hits you.
The Executioner hits you but does no damage. x2
The large abomination is no longer moving slowly.
The Executioner closely misses you.
The Executioner hits you but does no damage. x2
The Executioner misses you.
The Executioner hits you but does no damage.
The Executioner closely misses you. The Executioner hits you!
* * * LOW HITPOINT WARNING * * *
The Executioner hits you but does no damage. x2
The Executioner hits you but does no damage.
The Executioner closely misses you. x2; The Executioner barely misses you. x2
The Executioner hits you but does no damage.
The Executioner hits you!
* * * LOW HITPOINT WARNING * * *
The Executioner barely misses you. The Executioner hits you.
* * * LOW HITPOINT WARNING * * *
The Executioner hits you but does no damage. x2
The Executioner barely misses you. The Executioner hits you!
You die...
Your body crumbles into a pile of gold.

# .. ...###.
.#.# #. #
....#.#....#.##
.# .. # ##.
#..#.#..#.#.# #
#.
#..##...X#...###
# # .. # .#..###
### #.###W2.##
#...#.##..#
#.##......1#
...#..##.##@#
..#..#... #...#
.##... ###....
#..#. ...#..
...# .## .. ..
.# ##


You could see a lorocyproca (invisible), an Executioner (fast) and a large
abomination.

Vanquished Creatures
  3 hydras
  A centaur warrior (D:13)
  Harold (D:11)
  3 boulder beetles
  4 two-headed ogres
  2 death yaks (Lair:6)
  Urug (D:12)
  Sonja (Lair:4)
  A wretched star (Abyss:2)
  A bog body (Lair:4)
  2 deep elf pyromancers
  4 ugly things
  An orc knight (D:10)
  12 elephants
  9 cyclopes
  A manticore (D:12)
  3 black mambas
  3 gargoyles
  A torpor snail (Lair:4)
  6 cane toads
  Psyche (D:12)
  2 unseen horrors (D:11)
  2 kobold demonologists (D:12)
  3 rime drakes
  8 komodo dragons
  2 trolls
  A queen bee (shapeshifter) (Abyss:2)
  An ancient zyme (Abyss:2)
  A polar bear (Lair:1)
  10 slime creatures
  A meliai zombie (D:11)
  A hornet (D:11)
  3 dream sheep (Lair:4)
  8 blink frogs
  A shadow (D:12)
  2 wyverns
  2 wraiths
  55 yaks
  A steam dragon (D:9)
  4 basilisks
  A large abomination (Lair:6)
  5 vampire mosquitoes
  A chaos spawn (Lair:6)
  A naga (Lair:3)
  3 swamp worms (Lair:4)
  12 water moccasins
  A sky beast (D:7)
  A hornet zombie (D:8)
  8 orc warriors
  An ice beast (D:6)
  4 black bears
  7 centaurs
  A necrophage (D:5)
  31 wolves
  An ogre (D:6)
  A kobold brigand (D:10)
  11 bullfrogs
  9 gnoll sergeants
  3 scorpions
  A wyvern skeleton (D:7)
  16 killer bees
  3 wights (D:6)
  A howler monkey (D:5)
  3 electric eels
  4 small abominations (Lair:6)
  6 centaur zombies
  A bullfrog zombie (D:6)
  7 hounds
  6 jellies
  A bullfrog skeleton (D:4)
  7 gnoll shamans
  8 orc priests
  3 iguanas
  9 orc wizards
  A hound zombie (D:4)
  A hound skeleton (D:4)
  3 howler monkey zombies
  22 gnolls
  A howler monkey skeleton (D:5)
  3 adders
  15 white imps
  2 ufetubi
  2 dart slugs (D:3)
  38 orcs
  7 ball pythons
  4 bats
  3 endoplasms
  2 giant cockroaches
  6 goblins
  A hobgoblin (D:3)
  7 jackals (D:2)
  7 kobolds
  2 quokkas (D:1)
  2 frilled lizards (D:1)
  5 rats
481 creatures vanquished.

Vanquished Creatures (others)
  39 fungi
  48 plants
87 creatures vanquished.

Grand Total: 568 creatures vanquished

Notes
Turn   | Place    | Note
-------+----------+-------------------------------------------
     0 | D:1      | MacCMillion the Gargoyle Ice Elementalist began the quest
                  | for the Orb.
     0 | D:1      | Reached XP level 1. HP: 10/10 MP: 3/3
   180 | D:1      | Reached XP level 2. HP: 15/15 MP: 3/5
   987 | D:1      | Reached skill level 5 in Ice Magic
   987 | D:1      | Reached XP level 3. HP: 17/19 MP: 1/6
   991 | D:1      | Learned a level 3 spell: Frozen Ramparts
  1122 | D:2      | Reached XP level 4. HP: 22/24 MP: 2/7
  1206 | D:2      | Noticed Jessica
  1828 | D:3      | Found Dobranio's Armour Boutique.
  2481 | D:4      | Found an iron altar of Okawaru.
  2483 | D:4      | Noticed a scorpion
  2489 | D:4      | Killed a scorpion
  2490 | D:4      | Reached skill level 6 in Ice Magic
  2490 | D:4      | Reached XP level 5. HP: 22/28 MP: 2/8
  3001 | D:4      | Found a transporter.
  3057 | D:4      | Noticed a phantom
  3164 | D:4      | Reached skill level 7 in Ice Magic
  3164 | D:4      | Reached skill level 1 in Fighting
  3164 | D:4      | Reached XP level 6. HP: 30/34 MP: 9/9
  3243 | D:4      | Found a snail-covered altar of Cheibriados.
  3243 | D:4      | Found a sacrificial altar of Ru.
  3243 | D:4      | Found a stormy altar of Qazlal.
  3243 | D:4      | Found a white marble altar of Elyvilon.
  3361 | D:4      | Found an opulent altar of Gozag.
  3384 | D:4      | Became a worshipper of Gozag Ym Sagoz the Greedy
  3415 | D:4      | Noticed Menkaure
  3502 | D:4      | Found a transporter.
  3502 | D:4      | Noticed hemabe71's ghost (amateur HuAr)
  3664 | D:4      | Noticed a black bear
  3671 | D:4      | Killed a black bear
  3849 | D:5      | Entered Level 5 of the Dungeon
  4081 | D:5      | Noticed a black bear
  4093 | D:5      | Killed a black bear
  4094 | D:5      | Reached XP level 7. HP: 44/44 MP: 3/10
  4181 | D:5      | Found Qeadonunt's Antique Weapon Shop.
  4296 | D:5      | Reached skill level 5 in Fighting
  5098 | D:6      | Noticed a boulder beetle
  5749 | D:7      | Reached XP level 8. HP: 48/49 MP: 3/13
  5906 | D:6      | Reached skill level 8 in Ice Magic
  6063 | D:7      | Found a staircase to the Ecumenical Temple.
  6881 | D:6      | Killed a boulder beetle
  6882 | D:6      | Reached skill level 9 in Ice Magic
  6882 | D:6      | Reached XP level 9. HP: 38/54 MP: 4/15
  7224 | D:7      | Reached skill level 1 in Translocations
  7227 | D:7      | Reached skill level 10 in Ice Magic
  8257 | D:5      | Upgraded the game from 0.28-a0-10-g964c8b829e to
                  | 0.28-a0-20-gdd470a43dd
  8785 | D:6      | Reached skill level 5 in Evocations
 10358 | D:7      | Found a bloodstained altar of Trog.
 10360 | D:7      | Noticed Conn's ghost (novice OpFE)
 10360 | D:7      | Noticed a moth of wrath
 10365 | D:7      | Found a transporter.
 10370 | D:7      | Found a transporter.
 10606 | D:8      | Noticed a troll
 10616 | D:8      | Killed a troll
 10617 | D:8      | Reached skill level 5 in Translocations
 10617 | D:8      | Reached XP level 10. HP: 46/59 MP: 9/16
 10788 | D:8      | Noticed a two-headed ogre
 10820 | D:8      | Killed a two-headed ogre
 11329 | D:8      | Reached skill level 5 in Spellcasting
 11410 | D:8      | Noticed a purple ugly thing
 11413 | D:8      | Reached skill level 1 in Short Blades
 11420 | D:8      | Killed a purple ugly thing
 11628 | D:8      | Reached skill level 5 in Armour
 11901 | D:9      | Found the +4 skin of Zhor {*Englaciate rC+++ SInv}
 12000 | D:9      | Reached XP level 11. HP: 27/65 MP: 4/18
 12001 | D:9      | Found a staircase to the Lair.
 12645 | D:9      | Reached skill level 5 in Short Blades
 12889 | D:10     | Entered Level 10 of the Dungeon
 12952 | D:10     | Reached skill level 1 in Maces & Flails
 12956 | D:10     | Learned a level 3 spell: Teleport Other
 12977 | D:10     | Found a staircase to the Orcish Mines.
 12980 | D:10     | Noticed an orc knight
 12995 | D:10     | Killed an orc knight
 13324 | D:10     | Reached skill level 5 in Maces & Flails
 13458 | D:10     | Found a flagged portal.
 13511 | Bailey   | Entered a bailey
 14598 | D:11     | Noticed a cyclops
 14606 | D:11     | Killed a cyclops
 14607 | D:11     | Reached skill level 1 in Conjurations
 14829 | D:11     | Noticed a cyclops
 14844 | D:11     | Killed a cyclops
 15014 | D:11     | Reached XP level 12. HP: 76/76 MP: 14/19
 15139 | D:11     | Noticed Harold
 15150 | D:11     | Killed Harold
 15470 | D:12     | Reached skill level 5 in Conjurations
 15514 | D:12     | Found Diffammo's General Store.
 15537 | D:12     | Noticed a two-headed ogre
 15564 | D:11     | Killed a two-headed ogre
 15653 | D:12     | Noticed Psyche
 15766 | D:12     | Reached skill level 10 in Fighting
 15766 | D:12     | Reached skill level 11 in Ice Magic
 15833 | D:12     | Killed Psyche
 16286 | D:12     | Noticed Urug
 16522 | D:12     | Killed Urug
 16692 | D:12     | Identified the +0 dagger of Pride {protect, Int+3}
 16702 | D:12     | Noticed a boulder beetle
 16726 | D:12     | Reached skill level 12 in Ice Magic
 16729 | D:12     | Noticed a two-headed ogre
 16747 | D:12     | Killed a two-headed ogre
 16874 | D:12     | Identified the +5 dagger "Ushralal" {venom, Stlth+}
 16874 | D:12     | Noticed a boulder beetle
 17091 | D:12     | Killed a boulder beetle
 17226 | D:12     | Identified the +0 shadow dragon scales "Iracet" {Fly rC+++
                  | Str-2 SInv Stlth++++}
 17227 | D:12     | Noticed a two-headed ogre
 17255 | D:12     | Reached skill level 13 in Ice Magic
 17281 | D:12     | Killed a two-headed ogre
 17468 | D:12     | Reached XP level 13. HP: 82/82 MP: 13/20
 17533 | D:12     | Identified the +7 flail of Dominance {holy, Contam rElec
                  | rF+ Int+4}
 18391 | D:12     | Reached skill level 14 in Ice Magic
 18545 | D:12     | Identified the +5 war axe "Orghuege" {vamp, Will+ Dex+4}
 18913 | D:12     | Identified the +0 cloak of Tuewne {rC+}
 18926 | D:12     | Bought a scroll of magic mapping for 35 gold pieces
 19535 | Lair:1   | Entered Level 1 of the Lair of Beasts
 19612 | Lair:1   | Identified the +3 scale mail of Urafynta {Contam +Inv rF++
                  | rN+}
 19868 | Lair:1   | Got the Handbook of Enchantment
 20548 | Lair:2   | Found a glowing silver altar of Zin.
 20641 | Lair:2   | Reached skill level 15 in Ice Magic
 21920 | Lair:3   | Found a staircase to the Snake Pit.
 22118 | Lair:3   | Reached skill level 1 in Earth Magic
 22328 | Lair:3   | Identified the +2 cloak of the Black Moon {*Corrode rPois
                  | Str+5}
 22680 | Lair:3   | Learned a level 4 spell: Hailstorm
 23001 | Lair:4   | Reached skill level 5 in Earth Magic
 23094 | Lair:4   | Gained mutation: Your large and strong wings let you fly.
                  | [Gargoyle growth]
 23094 | Lair:4   | Reached XP level 14. HP: 88/88 MP: 20/24
 24493 | Lair:4   | Noticed Sonja
 24520 | Lair:4   | Killed Sonja
 24521 | Lair:4   | Reached skill level 10 in Earth Magic
 24658 | Lair:4   | Found a staircase to the Swamp.
 25698 | Lair:6   | Entered Level 6 of the Lair of Beasts
 25788 | Lair:6   | Found a viscous altar of Jiyva.
 25788 | Lair:6   | Found a staircase to the Slime Pits.
 26969 | Lair:5   | Cast into level 2 of the Abyss (spriggan)
 26970 | Abyss:2  | Upgraded the game from 0.28-a0-20-gdd470a43dd to
                  | 0.28-a0-29-g0adfcbbeba
 27107 | Abyss:2  | Noticed an Executioner
 27114 | Abyss:2  | Noticed a lorocyproca
 27118 | Abyss:2  | Slain by an Executioner

Illustrated notes

Levels and vault maps discovered:
D:1:      heliophobic_arrival_glass_houses, layout_basic
D:2:      layout_rooms, uniq_jessica
D:3:      layout_basic, serial_shops, nicolae_diamond_shop,
          hangedman_decor_lopped
D:4:      black_bear_nest_2, layout_loops_ring,
          grunt_temple_overflow_cloverleaf, lemuel_round_altar,
          overflow_temple_1_default, gammafunk_ghost_mausoleum,
          chequers_decorated_corner, uniq_menkaure
D:5:      layout_loops_ring, serial_shops, nicolae_lakefront_shop,
          minmay_misc_feat_encased
D:6:      layout_basic
D:7:      layout_rooms, minmay_temple_entry_grid,
          gammafunk_ghost_wrathful_warriors, grunt_tough_drop
D:8:      layout_gridville
D:9:      layout_basic, dpeg_oklobed_lair, serial_bayou_pond_d,
          hellmonk_guarded_unrand_zhor
D:10:     layout_big_octagon, david_orc_5, enter_bailey_3,
          kennysheep_generic_room_7
D:11:     layout_roguey, uniq_harold
D:12:     minmay_the_grid_octo_tiled_squarecenter_mashed
          [minmay_the_grid_octo_vomiting_pacman, minmay_the_grid_octo_odd_swirl,
          minmay_the_grid_octo_thin_diamonds, minmay_the_grid_octo_clover_2,
          minmay_the_grid_square_5x5_megaprize_checkered,
          minmay_the_grid_square_5x5_two,
          minmay_the_grid_square_5x5_two_walls_b,
          minmay_the_grid_square_5x5_checkered,
          minmay_the_grid_square_5x5_misaligned], layout_cave_pools,
          nicolae_take_the_stairs, uniq_psyche, uniq_urug
D:13:     layout_roguey
D:14:     layout_basic, david_vaults_5, nicolae_vehumet_radiance,
          serial_bayou_lagoon_a, elyvilon_altar_5, uniq_kirke
Lair:1:   layout_misc_corridors, portal_ice_cave_entry_imps, lemuel_fruit_tree,
          grunt_megastairs_3
Lair:2:   layout_regular_city, basic_altar, grunt_megastairs_5
Lair:3:   layout_roguey, guppyfry_snake_entry_garden, serial_bayou_shore_a
Lair:4:   layout_regular_city, nicolae_swamp_entry_splash_gauntlet,
          minmay_lair_oklob_chamber, uniq_sonja
Lair:5:   layout_misc_corridors, st_stairs_9
Lair:6:   hellmonk_lair_end_abyssal_woods, layout_big_grid, slime_altar_1
Abyss:2:  base: Lair:2, grunt_abyss_exit_deep_breaths, base:
Lair:2

Skill      XL: |  1  2  3  4  5  6  7  8  9 10 11 12 13 14 |
---------------+-------------------------------------------+-----
Ice Magic      | 5 6 7 9 10 13 15 | 15.0
Fighting       | 1 4 5 6 9 10 | 10.0
Spellcasting   | 3 4 5 7 |  7.0
Evocations     | 3 5 |  5.0
Translocations | 5 6 |  6.0
Armour         | 5 |  5.0
Short Blades   | 4 5 |  5.0
Maces & Flails | 5 |  5.0
Conjurations   | 4 5 6 |  6.0
Earth Magic    | 5 13 | 13.0
Dodging        | |  1.5
Stealth        | |  2.2

Action                   |  1- 3 |  4- 6 |  7- 9 | 10-12 | 13-15 || total
-------------------------+-------+-------+-------+-------+-------++-------
Melee: Dagger            |     1 |    60 |   194 |   169 |       ||   424
       Mace              |       |       |       |   110 |   253 ||   363
 Cast: Freeze            |    21 |    39 |   102 |   297 |   480 ||   939
       Frozen Ramparts   |     1 |     5 |    15 |    59 |    80 ||   160
       Hailstorm         |       |       |       |       |    18 ||    18
Evoke: Wand              |       |       |    29 |     3 |       ||    32
  Use: Scroll            |       |     5 |       |    13 |    11 ||    29
       Potion            |       |       |     1 |       |       ||     1
 Stab: Sleeping          |     1 |     5 |       |     1 |       ||     7
       Distracted        |       |       |       |       |     3 ||     3
Armor: Robe              |     3 |    39 |   237 |    96 |       ||   375
       Animal skin       |       |       |       |   389 |   529 ||   918
Dodge: Dodged            |    11 |    53 |   229 |   358 |   397 ||  1048

Table legend: (Time is in decaauts)
 A = Elapsed time spent in this place.
 B = Non-inter-level travel time spent in this place.
 C = Inter-level travel time spent in this place.
 D = Time resting spent in this place.
 E = Time spent auto-exploring this place.
 F = Levels seen in this place.
 G = Mean time per level.
                   A        B        C        D        E       F      G
               +--------+--------+--------+--------+--------+-----+--------+
         Total |  27264 |  26329 |    935 |   2997 |  17307 |  22 | 1239.3 |
       Dungeon |  18991 |  18168 |    823 |   2541 |  11647 |  14 | 1356.5 |
          Lair |   7524 |   7412 |    112 |    417 |   5412 |   6 | 1254.0 |
         Abyss |    164 |    164 |      0 |      0 |      0 |   1 |  164.0 |
        Bailey |    584 |    584 |      0 |     39 |    247 |   1 |  584.0 |
               +--------+--------+--------+--------+--------+-----+--------+

Top non-repeatable levels by time:
     D:6: 3333 daAuts
     D:5: 2210 daAuts
  Lair:4: 2188 daAuts
    D:12: 2133 daAuts
    D:11: 1966 daAuts
  Lair:2: 1233 daAuts
     D:9: 1218 daAuts
     D:7: 1214 daAuts
     D:8: 1203 daAuts
     D:4: 1198 daAuts
  Lair:3: 1110 daAuts
    D:10: 1038 daAuts
  Lair:5: 1031 daAuts
     D:1: 1029 daAuts
  Lair:1: 1021 daAuts
